 Dungeon Crawl Stone Soup version 0.22.0-6-g71bd7aa (webtiles) character file.

214 lukekx100 the Insei (level 5, 0/41 HPs)
             Began as a Gnoll Transmuter on Aug 14, 2018.
             Succumbed to an orc's poison
             ... on level 4 of the Dungeon.
             The game lasted 00:14:43 (3321 turns).

lukekx100 the Insei (Gnoll Transmuter)              Turns: 3321, Time: 00:14:43

Health: 0/41       AC:  3    Str: 13      XL:     5   Next: 91%
Magic:  12/12      EV: 14    Int: 15 (16) God:
Gold:   145        SH:  0    Dex: 13 (15) Spells: 4/14 levels left

rFire    x . .     SeeInvis .   k - +6 mace
rCold    + . .     Gourm    .   (no shield)
rNeg     . . .     Faith    .   b - +0 robe
rPois    .         Spirit   .   g - +0 helmet
rElec    .         Reflect  .   (no cloak)
rCorr    .         Harm     .   (no gloves)
MR       .....                  (no boots)
Stlth    ++........             (no amulet)
HPRegen  0.13/turn              d - ring of ice
MPRegen  0.13/turn              (no ring)

@: lethally poisoned (0 -> -11)
A: distributed training, fangs 1, strong nose
a: no special abilities


You were on level 4 of the Dungeon.
You were not hungry.

You visited 1 branch of the dungeon, and saw 4 of its levels.

You collected 145 gold pieces.

Inventory:

Hand Weapons
 k - a +6 mace (weapon)
 r - a +0 long sword
Missiles
 a - 12 arrows
Armour
 b - a +0 robe (worn)
 g - a +0 helmet (worn)
 m - a +0 chain mail
 o - a +0 leather armour
Jewellery
 d - a ring of ice (left hand)
Scrolls
 e - a scroll of noise
 f - a scroll of magic mapping
 l - a scroll of random uselessness
 p - 2 scrolls of remove curse
 s - a scroll of identify
Potions
 c - a potion of invisibility {unknown}
 i - a potion of curing {unknown}
 j - 2 potions of flight {unknown}
 n - 6 potions of heal wounds {unknown}
Comestibles
 h - 5 rations


   Skills:
 + Level 3.0 Fighting
 + Level 1.6 Short Blades
 + Level 1.6 Long Blades
 + Level 1.6 Axes
 + Level 1.6 Maces & Flails
 + Level 1.6 Polearms
 + Level 1.6 Staves
 + Level 1.6 Slings
 + Level 1.6 Bows
 + Level 1.6 Crossbows
 + Level 1.6 Throwing
 + Level 1.6 Armour
 + Level 4.8 Dodging
 + Level 1.6 Stealth
 + Level 1.6 Shields
 + Level 6.7 Unarmed Combat
 + Level 5.2 Spellcasting
 + Level 1.3 Conjurations
 + Level 1.3 Hexes
 + Level 1.3 Charms
 + Level 1.3 Summonings
 + Level 1.3 Necromancy
 + Level 1.3 Translocations
 + Level 4.0 Transmutations
 + Level 1.3 Fire Magic
 + Level 1.3 Ice Magic
 + Level 1.3 Air Magic
 + Level 1.3 Earth Magic
 + Level 1.3 Poison Magic
 + Level 1.8 Invocations
 + Level 1.6 Evocations


You had 4 spell levels left.
You knew the following spells:

 Your Spells              Type           Power        Failure   Level  Hunger
a - Beastly Appendage     Tmut           ###...       3%          1    None
b - Sticks to Snakes      Tmut           ###.....     4%          2    ##.....
c - Spider Form           Tmut/Pois      ##........   16%         3    ###....
d - Ice Form              Ice/Tmut       ###.....     47%         4    ####...

Your spell library contained the following spells:

 Spells                   Type           Power        Failure   Level  Hunger
 Animate Dead             Necr           N/A          67%         4    ####...
 Pain                     Necr           #...         10%         1    None
 Animate Skeleton         Necr           N/A          10%         1    None
 Vampiric Draining        Necr           #.........   28%         3    ###....
 Regeneration             Chrm/Necr      #.........   28%         3    ###....
 Blade Hands              Tmut           ###.......   63%         5    ######.


Dungeon Overview and Level Annotations

Branches:
Dungeon (4/15)
 Temple: D:4-7

Altars:


Innate Abilities, Weirdness & Mutations

Your experience applies equally to all skills.
You have very sharp teeth.
Your uncanny sense of smell can sniff out nearby items.


Message History

The orc barely misses you.
You hear some strange, mumbled words.
A puff of flame appears from out of thin air!
The puff of flame misses you.
You are too injured to fight recklessly!
You feel sick.
The orc hits you with a dagger of venom.
* * * LOW HITPOINT WARNING * * *
You are lethally poisoned!
* * * LOW HITPOINT WARNING * * *
You feel sick.
You bump into the rock wall.
You feel less confused.
* * * LOW HITPOINT WARNING * * *
You feel sick. The orc barely misses you. Something hits you.
* * * LOW HITPOINT WARNING * * *
* * * LOW HITPOINT WARNING * * *
You feel sick.
There is a stone staircase leading down here.
You die...

..#........#.#
#.#...#..<...#
#.......#....#
#..##.#.#†)..#
#.......)))..#####
#..#..o...###.....
#..#..#.#####.....
#..#..........#...
#@o...............
#..$..........#...#.....
#...........###...#....#
#...........# #...#.....
............##..........
........................
.............<.. .......
...............


You could see an orc.

Vanquished Creatures
  Jessica (D:2)
  An orc wizard (D:4)
  Robin (D:2)
  4 gnolls (D:3)
  2 adders
  A worm (D:2)
  A dart slug (D:3)
  2 leopard geckos
  9 orcs
  5 bats
  4 giant cockroaches
  16 goblins
  12 hobgoblins
  6 jackals (D:3)
  4 kobolds
  A quokka (D:3)
  4 frilled lizards
  5 rats
79 creatures vanquished.

Notes
Turn   | Place    | Note
-------+----------+-------------------------------------------
     0 | D:1      | lukekx100 the Gnoll Transmuter began the quest for the Orb.
     0 | D:1      | Reached XP level 1. HP: 17/17 MP: 6/6
   118 | D:1      | Reached XP level 2. HP: 20/23 MP: 7/7
   263 | D:1      | Learned a level 2 spell: Sticks to Snakes
   786 | D:2      | Reached XP level 3. HP: 28/28 MP: 9/9
   829 | D:2      | Reached skill level 5 in Spellcasting
  1067 | D:2      | Noticed Jessica
  1079 | D:2      | Killed Jessica
  1079 | D:2      | Reached skill level 1 in Short Blades
  1079 | D:2      | Reached skill level 1 in Long Blades
  1079 | D:2      | Reached skill level 1 in Axes
  1079 | D:2      | Reached skill level 1 in Maces & Flails
  1079 | D:2      | Reached skill level 1 in Polearms
  1079 | D:2      | Reached skill level 1 in Staves
  1079 | D:2      | Reached skill level 1 in Slings
  1079 | D:2      | Reached skill level 1 in Bows
  1079 | D:2      | Reached skill level 1 in Crossbows
  1079 | D:2      | Reached skill level 1 in Throwing
  1079 | D:2      | Reached skill level 1 in Armour
  1079 | D:2      | Reached skill level 1 in Stealth
  1079 | D:2      | Reached skill level 1 in Shields
  1079 | D:2      | Reached skill level 1 in Invocations
  1079 | D:2      | Reached skill level 1 in Evocations
  1284 | D:2      | Learned a level 3 spell: Spider Form
  1360 | D:2      | Reached XP level 4. HP: 33/34 MP: 3/11
  1371 | D:2      | Noticed Robin
  1394 | D:2      | Killed Robin
  1862 | D:2      | Learned a level 4 spell: Ice Form
  1912 | D:2      | Reached skill level 1 in Conjurations
  1912 | D:2      | Reached skill level 1 in Hexes
  1912 | D:2      | Reached skill level 1 in Charms
  1912 | D:2      | Reached skill level 1 in Summonings
  1912 | D:2      | Reached skill level 1 in Necromancy
  1912 | D:2      | Reached skill level 1 in Translocations
  1912 | D:2      | Reached skill level 1 in Fire Magic
  1912 | D:2      | Reached skill level 1 in Ice Magic
  1912 | D:2      | Reached skill level 1 in Air Magic
  1912 | D:2      | Reached skill level 1 in Earth Magic
  1912 | D:2      | Reached skill level 1 in Poison Magic
  2428 | D:3      | Reached XP level 5. HP: 37/40 MP: 8/12
  3319 | D:4      | HP: 2/41 [something (4)]
  3321 | D:4      | Succumbed to an orc's poison

Skill      XL: |  1  2  3  4  5 |
---------------+----------------+-----
Spellcasting   | 5 |  5.2
Short Blades   | 1 |  1.6
Long Blades    | 1 |  1.6
Axes           | 1 |  1.6
Maces & Flails | 1 |  1.6
Polearms       | 1 |  1.6
Staves         | 1 |  1.6
Slings         | 1 |  1.6
Bows           | 1 |  1.6
Crossbows      | 1 |  1.6
Throwing       | 1 |  1.6
Armour         | 1 |  1.6
Stealth        | 1 |  1.6
Shields        | 1 |  1.6
Invocations    | 1 |  1.8
Evocations     | 1 |  1.6
Conjurations   | 1 |  1.3
Hexes          | 1 |  1.3
Charms         | 1 |  1.3
Summonings     | 1 |  1.3
Necromancy     | 1 |  1.3
Translocations | 1 |  1.3
Fire Magic     | 1 |  1.3
Ice Magic      | 1 |  1.3
Air Magic      | 1 |  1.3
Earth Magic    | 1 |  1.3
Poison Magic   | 1 |  1.3
Fighting       | 3 |  3.0
Transmutations | 4 |  4.0
Dodging        | |  4.8
Unarmed Combat | |  6.7

Action                   |  1- 3 |  4- 6 || total
-------------------------+-------+-------++-------
Melee: Unarmed           |    27 |    71 ||    98
       Mace              |    16 |    46 ||    62
       Bite              |     4 |     4 ||     8
       Punch             |       |     2 ||     2
 Cast: Spider Form       |     1 |    14 ||    15
       Beastly Appendage |       |     1 ||     1
  Use: Scroll            |     5 |     4 ||     9
       Potion            |       |     2 ||     2
 Stab: Sleeping          |     2 |     1 ||     3
  Eat: Ration            |     1 |     2 ||     3
Armor: Robe              |     7 |     3 ||    10
       Skin              |     1 |     3 ||     4
       Leather armour    |       |    15 ||    15
Dodge: Dodged            |    24 |    95 ||   119
